[Event "42nd Olympiad Baku 2016 Women"]
[Site "Baku"]
[Date "2016.09.06"]
[Round "5.12"]
[White "Jule, Alexandra"]
[Black "Castrillon Gomez, Melissa"]
[Result "0-1"]
[ECO "E63"]
[WhiteElo "2000"]
[BlackElo "2194"]
[Annotator ""]
[PlyCount "56"]
[EventDate "2016.??.??"]
[EventType "team-tourn"]
[EventCountry "AZE"]
[SourceTitle "playchess.com"]
[Source "ChessBase"]
[WhiteTeam "Australia"]
[BlackTeam "Colombia"]
[WhiteTeamCountry "AUS"]
[BlackTeamCountry "COL"]
[TimeControl "40/5400+30:1800+30"]

1. d4 {(00:00)} Nf6 {(00:00)} 2. Nf3 {(00:00)} g6 {
(00:00)} 3. g3 {(00:00)} Bg7 {(00:00)} 4. Bg2 {(00:
00)} O-O {(00:00)} 5. O-O {(00:00)} d6 {(00:04)} 6. c4 {
(00:15)} Nc6 {(00:15)} 7. Nc3 {(00:16)} a6 {(00:31]
} 8. d5 {(00:31)} Na5 {(00:16)} 9. b3 {(01:29)} c5 {
(04:58)} 10. Bb2 {(00:14)} Rb8 {(01:19)} 11. a4 {(
14:58)} Bd7 {(01:54)} 12. Rb1 {(07:36)} b5 {(04:48)} 13.
axb5 {(00:12)} axb5 {(00:14)} 14. Nd2 {(03:08)} bxc4 {
(03:27)} 15. bxc4 {(00:08)} Ng4 {(09:02)} 16. Qc2 {
(07:42)} Ne5 {(01:52)} 17. Nd1 {(03:17)} Rb4 {(04:
33)} 18. Bc3 {(16:33)} Rxb1 {(07:28)} 19. Bxa5 {(00:16)}
Qxa5 {(00:10)} 20. Nxb1 {(00:07)} Rb8 {(02:55)} 21. Ne3 {
(05:09)} Rb2 {(02:43)} 22. Qc1 {(05:19)} Rxe2 {(06:
19)} 23. Qd1 {(02:12)} Rb2 {(07:58)} 24. Be4 {(03:49)} Ba4
{(06:46)} 25. Qe1 {(03:35)} Qxe1 {(00:04)} 26. Rxe1 {
(00:04)} f5 {(00:04)} 27. Bg2 {(00:44)} Nd3 {(00:
13)} 28. Rf1 {(00:07)} Nxf2 {(01:04)} 0-1

[Event "42nd Olympiad Baku 2016 Women"]
[Site "Baku"]
[Date "2016.09.06"]
[Round "5.7"]
[White "Kalaiyalahan, Akshaya"]
[Black "Pasipanodya, Valentine"]
[Result "1-0"]
[ECO "A46"]
[WhiteElo "2017"]
[BlackElo "1594"]
[Annotator ""]
[PlyCount "83"]
[EventDate "2016.??.??"]
[EventType "team-tourn"]
[EventCountry "AZE"]
[SourceTitle "playchess.com"]
[Source "ChessBase"]
[WhiteTeam "England"]
[BlackTeam "Zimbabwe"]
[WhiteTeamCountry "ENG"]
[BlackTeamCountry "ZIM"]
[TimeControl "40/5400+30:1800+30"]

1. d4 {(00:00)} Nf6 {(00:00)} 2. Nf3 {(00:00)} e6 {
(00:08)} 3. g3 {(00:00)} g6 {(01:16)} 4. Bg2 {(00:
00)} Bg7 {(00:07)} 5. c4 {(00:12)} d5 {(00:16)} 6. O-O {
(00:16)} O-O {(00:05)} 7. Qc2 {(01:32)} Nbd7 {(01:
24)} 8. Nbd2 {(02:52)} b6 {(04:38)} 9. b3 {(06:35)} Bb7 {
(00:25)} 10. Bb2 {(00:06)} Rc8 {(02:05)} 11. Rac1 {
(05:14)} c5 {(01:26)} 12. Qb1 {(00:13)} cxd4 {(00:
54)} 13. Nxd4 {(01:12)} a6 {(03:04)} 14. Rfd1 {(04:18)}
Ba8 {(01:40)} 15. Qa1 {(06:29)} Re8 {(04:37)} 16. Nc2 {
(05:29)} Nh5 {(18:27)} 17. Bxg7 {(03:42)} Nxg7 {(
00:11)} 18. e4 {(07:56)} dxc4 {(09:20)} 19. Nxc4 {(00:17)}
Rb8 {(02:07)} 20. Ne5 {(04:32)} Re7 {(00:56)} 21. Qd4 {
(00:50)} Nxe5 {(22:26)} 22. Qxd8+ {(00:16)} Rxd8 {(
00:06)} 23. Rxd8+ {(00:04)} Re8 {(00:13)} 24. Rxe8+ {(02:
35)} Nxe8 {(00:10)} 25. Rd1 {(03:48)} Kf8 {(01:35)} 26.
Rd8 {(00:53)} Bc6 {(02:24)} 27. f4 {(04:07)} Nd7 {(
02:04)} 28. Nd4 {(00:19)} Bb5 29. Nxb5 Ke7 {(05:21)} 30. Rxe8+ {
(00:41)} Kxe8 {(00:05)} 31. Nc7+ {(00:28)} Kd8 {(
00:13)} 32. Nxa6 {(00:05)} e5 {(00:19)} 33. Kf2 {(00:50)}
f6 {(00:37)} 34. Bh3 {(00:27)} Nf8 {(00:18)} 35. Nb4 {
(00:17)} exf4 {(00:40)} 36. gxf4 {(00:07)} g5 {(04:
07)} 37. Bf5 {(00:40)} h6 {(02:24)} 38. Nd5 {(00:16)} gxf4
{(00:36)} 39. Nxf6 {(00:19)} b5 {(00:56)} 40. Nd5 {
(00:38)} Nd7 {(00:41)} 41. Bxd7 {(00:06)} Kxd7 {(
00:15)} 42. Kf3 {(00:06)} 1-0

[Event "42nd Olympiad Baku 2016 Women"]
[Site "Baku"]
[Date "2016.09.06"]
[Round "5.2"]
[White "Kannappan, Sigappi"]
[Black "Lomandong Noela-Joyce"]
[Result "1/2-1/2"]
[ECO "B06"]
[WhiteElo "1864"]
[BlackElo "1763"]
[Annotator ""]
[PlyCount "89"]
[EventDate "2016.??.??"]
[EventType "team-tourn"]
[EventCountry "AZE"]
[SourceTitle "playchess.com"]
[Source "ChessBase"]
[WhiteTeam "Hong Kong"]
[BlackTeam "Monaco"]
[WhiteTeamCountry "HKG"]
[BlackTeamCountry "MNC"]
[TimeControl "40/5400+30:1800+30"]

1. e4 {(00:00)} g6 {(00:00)} 2. d4 {(00:00)} c6 {(
00:00)} 3. Nc3 {(00:03)} Bg7 {(00:07)} 4. Be3 {(00:06)}
Qb6 {(06:04)} 5. Bc4 {(12:33)} Qb4 {(11:15)} 6. Bb3 {
(00:35)} Nf6 {(03:34)} 7. f3 {(01:57)} d5 {(05:03)}
8. exd5 {(15:56)} Nxd5 {(01:42)} 9. Bxd5 {(00:14)} cxd5 {
(00:08)} 10. Nge2 {(01:44)} e6 {(08:14)} 11. O-O {(
01:42)} Nc6 {(02:30)} 12. Rb1 {(02:34)} O-O {(03:14)} 13.
a3 {(07:50)} Qe7 {(01:04)} 14. Bf4 {(01:04)} Rd8 {(
06:06)} 15. Re1 {(05:29)} f6 {(01:51)} 16. Qd2 {(02:12)}
e5 {(10:15)} 17. Bg3 {(10:51)} Qf8 {(02:12)} 18. Bf2 {
(05:05)} Bh6 {(02:32)} 19. Be3 {(01:32)} Bxe3+ {(
00:20)} 20. Qxe3 {(00:05)} Bf5 {(00:14)} 21. Rbc1 {(00:41]
} Rac8 {(14:34)} 22. Red1 {(00:43)} Qf7 {(01:21)} 23. g4 {
(10:49)} Be6 {(00:29)} 24. Re1 {(00:35)} Re8 {(01:
34)} 25. Qf2 {(00:44)} Qg7 {(07:05)} 26. Rcd1 {(00:43)}
Qf7 {(00:18)} 27. Qg3 {(01:19)} Kh8 {(01:29)} 28. b4 {
(04:07)} Qg7 {(03:42)} 29. dxe5 {(01:02)} Nxe5 {(
00:57)} 30. Nxd5 {(01:01)} Bxd5 {(04:23)} 31. Rxd5 {(00:
02)} Rxc2 {(00:14)} 32. Nd4 {(00:24)} Rcc8 {(00:59)} 33.
Rd1 {(02:17)} Qc7 {(02:03)} 34. Nb5 {(00:11)} Qb6+ {
(00:16)} 35. Qf2 {(01:10)} Nxf3+ {(00:51)} 36. Kf1 {
(00:45)} Qxf2+ {(00:26)} 37. Kxf2 {(00:01)} Ne5 {(
00:01)} 38. Kg3 {(02:09)} a6 {(00:28)} 39. Nd6 {(00:32)}
Rc3+ {(00:06)} 40. Kf4 {(00:00)} Re7 {(00:00)} 41. g5 {
(10:35)} fxg5+ {(07:22)} 42. Kxg5 {(00:11)} Kg7 {(
02:07)} 43. Kf4 {(05:08)} Nc6 {(03:42)} 44. R1d3 {(04:29)}
Rxd3 {(01:00)} 45. Rxd3 {(00:02)} 1/2-1/2

[Event "42nd Olympiad Baku 2016 Women"]
[Site "Baku"]
[Date "2016.09.06"]
[Round "5.36"]
[White "Kaydanovich, Marina"]
[Black "Perez, Cecilia Manuela"]
[Result "1-0"]
[ECO "A85"]
[WhiteElo "1809"]
[BlackElo "1621"]
[Annotator ""]
[PlyCount "93"]
[EventDate "2016.??.??"]
[EventType "team-tourn"]
[EventCountry "AZE"]
[SourceTitle "playchess.com"]
[Source "ChessBase"]
[WhiteTeam "IPCA"]
[BlackTeam "URU"]
[WhiteTeamCountry "RUS"]
[BlackTeamCountry "URU"]
[TimeControl "40/5400+30:1800+30"]

1. d4 {(00:00)} f5 {(00:12)} 2. c4 {(00:04)} Nf6 {(
00:40)} 3. Nc3 {(00:34)} e6 {(00:54)} 4. Qc2 {(00:44)} Bb4
{(02:27)} 5. a3 {(04:11)} Bxc3+ {(01:03)} 6. Qxc3 {
(00:17)} b6 {(02:59)} 7. e3 {(01:34)} Bb7 {(02:26)}
8. f3 {(04:24)} O-O {(01:27)} 9. Bd3 {(01:16)} d6 {
(02:44)} 10. Ne2 {(02:25)} Nbd7 {(06:21)} 11. b3 {(
05:51)} Nh5 {(04:48)} 12. Qc2 {(01:17)} Qh4+ {(05:35)} 13.
Kd2 {(01:51)} f4 {(06:48)} 14. Bxh7+ {(18:47)} Kh8 {
(00:13)} 15. exf4 {(00:32)} Nxf4 {(04:50)} 16. Nxf4 {
(11:19)} Rxf4 {(04:55)} 17. Kc3 {(01:18)} Rxd4 {(
14:43)} 18. Be3 {(01:57)} c5 {(00:14)} 19. Bd3 {(00:17)}
Qf6 {(01:42)} 20. Bxd4 {(00:27)} Qxd4+ {(00:42)} 21. Kd2 {
(00:21)} Qf2+ {(00:53)} 22. Kc1 {(02:28)} Qe3+ {(
02:26)} 23. Kb2 {(00:42)} Qd4+ {(05:38)} 24. Ka2 {(00:42)}
a5 {(00:51)} 25. Rad1 {(00:34)} Qf6 {(05:24)} 26. a4 {
(05:34)} Rd8 {(05:54)} 27. h4 {(00:10)} Nb8 {(01:
10)} 28. Qd2 {(01:10)} Na6 {(00:47)} 29. Qg5 {(04:14)}
Nb4+ {(02:02)} 30. Kb1 {(00:47)} d5 {(02:45)} 31. Qxf6 {
(01:00)} gxf6 {(00:02)} 32. Bg6 {(00:20)} d4 {(01:
31)} 33. Rhe1 {(02:14)} e5 {(00:44)} 34. Be4 {(00:41)} Bc8
{(01:32)} 35. g4 {(00:42)} Rf8 {(01:56)} 36. Bg6 {(
02:36)} Rg8 {(02:33)} 37. h5 {(00:47)} Bd7 {(01:00)} 38.
Rh1 {(03:18)} Bc6 {(01:01)} 39. Rh3 {(01:51)} Bd7 {
(04:07)} 40. Kc1 {(00:00)} Na2+ {(00:00)} 41. Kd2 {
(02:58)} Nc3 {(01:27)} 42. Rg1 {(03:43)} Bc8 {(05:
19)} 43. Rhg3 {(03:39)} Bd7 {(01:32)} 44. g5 {(03:54)} f5
{(00:57)} 45. Bf7 {(00:18)} Rf8 {(01:10)} 46. g6 {(
00:08)} Kg7 {(02:08)} 47. h6+ 1-0

[Event "42nd Olympiad Baku 2016 Women"]
[Site "Baku"]
[Date "2016.09.06"]
[Round "5.8"]
[White "Kazarian, Anna-Maja"]
[Black "Hakimifard, Ghazal"]
[Result "1/2-1/2"]
[ECO "C54"]
[WhiteElo "2231"]
[BlackElo "2308"]
[Annotator ""]
[PlyCount "115"]
[EventDate "2016.??.??"]
[EventType "team-tourn"]
[EventCountry "AZE"]
[SourceTitle "playchess.com"]
[Source "ChessBase"]
[WhiteTeam "Netherlands"]
[BlackTeam "Iran"]
[WhiteTeamCountry "NED"]
[BlackTeamCountry "IRI"]
[TimeControl "40/5400+30:1800+30"]

1. e4 {(00:00)} e5 {(00:00)} 2. Nf3 {(00:00)} Nc6 {
(00:00)} 3. Bc4 {(00:00)} Bc5 {(00:00)} 4. c3 {(00:
01)} Nf6 {(00:08)} 5. d3 {(00:05)} a6 {(00:18)} 6. Bb3 {
(00:53)} Ba7 {(00:29)} 7. O-O {(01:02)} d6 {(00:23]
} 8. h3 {(00:56)} h6 {(00:36)} 9. Re1 {(00:10)} O-O {
(00:07)} 10. Nbd2 {(00:21)} Be6 {(00:17)} 11. Nf1 {
(01:11)} Re8 {(00:19)} 12. Bxe6 {(04:30)} Rxe6 {(
01:41)} 13. Be3 {(05:01)} Bxe3 {(05:18)} 14. Nxe3 {(00:06]
} d5 {(01:22)} 15. Nf5 {(08:51)} Qd7 {(05:52)} 16. g4 {
(15:10)} Rd8 {(13:06)} 17. g5 {(02:26)} dxe4 {(03:
49)} 18. dxe4 {(04:07)} Qxd1 {(06:05)} 19. Raxd1 {(00:05)}
Rxd1 {(02:10)} 20. Rxd1 {(00:05)} Nxe4 {(00:33)} 21. Rd7 {
(04:51)} hxg5 {(09:15)} 22. Kg2 {(01:30)} Rf6 {(18:
34)} 23. Ne7+ {(01:23)} Nxe7 {(04:39)} 24. Rxe7 {(00:12)}
Rf5 {(03:19)} 25. Re8+ {(09:19)} Kh7 {(00:06)} 26. Rxe5 {
(00:13)} Rxe5 {(00:23)} 27. Nxe5 {(00:04)} f6 {(00:
51)} 28. Nf7 {(09:18)} Kg6 {(02:23)} 29. Nd8 {(00:05)} Nd6
{(01:17)} 30. Ne6 {(00:07)} c6 {(00:36)} 31. Kf3 {(
17:14)} f5 {(01:15)} 32. Nc5 {(04:19)} Kf6 {(01:47)} 33.
b3 {(00:05)} Ke5 {(03:01)} 34. Ke3 {(02:16)} Kd5 {(
02:49)} 35. Nd3 {(01:27)} Ne4 {(01:53)} 36. c4+ {(01:32)}
Kd6 {(00:04)} 37. b4 {(02:38)} b5 {(04:36)} 38. cxb5 {
(00:41)} axb5 {(00:09)} 39. Kd4 {(00:46)} Nf6 {(03:
22)} 40. Ne5 {(00:00)} g4 {(00:00)} 41. hxg4 {(05:28)}
fxg4 {(08:46)} 42. a3 {(01:39)} Kc7 {(02:00)} 43. Nd3 {
(03:20)} Nh5 {(02:18)} 44. Ke5 {(01:36)} g3 {(03:
28)} 45. fxg3 {(00:04)} Nxg3 {(00:03)} 46. Nc5 {(00:22)}
Nh5 {(03:53)} 47. a4 {(04:43)} bxa4 {(01:08)} 48. Nxa4 {
(00:04)} Nf6 {(04:38)} 49. Nc3 {(00:05)} Kb6 {(00:
34)} 50. Ke6 {(00:44)} Ka6 {(02:54)} 51. Kd6 {(00:46)} Kb6
{(00:19)} 52. Ke6 {(00:07)} Ng4 {(04:28)} 53. Kf7 {
(00:47)} Ne3 {(00:17)} 54. Kg6 {(01:55)} Nc2 {(00:
56)} 55. b5 {(00:13)} c5 {(00:17)} 56. Na4+ {(00:04)} Kxb5
{(00:05)} 57. Nxc5 {(00:03)} Kxc5 {(00:05)} 58. Kxg7 {
(00:04)} 1/2-1/2

[Event "42nd Olympiad Baku 2016 Women"]
[Site "Baku"]
[Date "2016.09.06"]
[Round "5.32"]
[White "Kerciku, Suzana"]
[Black "Wadima Humaid S H AlKalbani"]
[Result "0-1"]
[ECO "C70"]
[WhiteElo "1609"]
[BlackElo "1606"]
[Annotator ""]
[PlyCount "76"]
[EventDate "2016.??.??"]
[EventType "team-tourn"]
[EventCountry "AZE"]
[SourceTitle "playchess.com"]
[Source "ChessBase"]
[WhiteTeam "Albania"]
[BlackTeam "United Arab Emirates"]
[WhiteTeamCountry "ALB"]
[BlackTeamCountry "UAE"]
[TimeControl "40/5400+30:1800+30"]

1. e4 {(00:00)} e5 {(00:00)} 2. Nf3 {(00:00)} Nc6 {
(00:00)} 3. Bb5 {(00:00)} a6 {(00:00)} 4. Ba4 {(00:
00)} Nge7 {(00:00)} 5. O-O {(00:53)} g6 {(00:00)} 6. c3 {
(00:34)} Bg7 {(00:00)} 7. d4 {(04:07)} exd4 {(00:
04)} 8. cxd4 {(00:34)} b5 {(00:05)} 9. Bb3 {(00:55)} O-O {
(00:07)} 10. Bf4 {(07:16)} d6 {(02:46)} 11. h3 {(
02:30)} Na5 {(00:07)} 12. Bc2 {(00:22)} c5 {(01:08)} 13.
Nc3 {(07:13)} Nc4 {(07:25)} 14. Rb1 {(04:50)} Nc6 {
(01:02)} 15. Ne2 {(07:11)} Bb7 {(38:45)} 16. dxc5 {
(13:34)} dxc5 {(00:10)} 17. Qc1 {(00:40)} Re8 {(03:
44)} 18. Ng3 {(13:32)} Nb4 {(01:43)} 19. a4 {(05:44)} Nxc2
{(21:35)} 20. Qxc2 {(00:07)} Qb6 {(00:58)} 21. Nd2 {
(10:10)} Nxb2 {(07:30)} 22. Rxb2 {(02:48)} Qf6 {(
00:01)} 23. Rbb1 {(02:12)} Qxf4 {(00:07)} 24. axb5 {(02:
35)} axb5 {(00:02)} 25. Nb3 {(05:37)} c4 {(02:20)} 26. Nc5
{(02:52)} Bc6 {(00:01)} 27. Rfd1 {(01:50)} Rad8 {(
01:27)} 28. Rxd8 {(03:21)} Rxd8 {(00:01)} 29. Rd1 {(00:19]
} Rxd1+ {(05:20)} 30. Qxd1 {(00:01)} Qc7 {(01:02)} 31. Na6
{(02:47)} Qa7 {(00:01)} 32. Nb4 {(00:11)} Qc7 {(02:
18)} 33. Nd5 {(00:49)} Bxd5 {(00:07)} 34. Qxd5 {(00:19)}
b4 {(00:31)} 35. Ne2 {(00:55)} b3 {(00:47)} 36. Qa8+ {
(00:36)} Bf8 {(00:01)} 37. Nc3 {(00:31)} Qe5 {(00:
43)} 38. Qa5 {(00:31)} Qxa5 0-1

[Event "42nd Olympiad Baku 2016 Women"]
[Site "Baku"]
[Date "2016.09.06"]
[Round "5.5"]
[White "Khademalsharieh, Sarasadat"]
[Black "Peng, Zhaoqin"]
[Result "1/2-1/2"]
[ECO "D34"]
[WhiteElo "2429"]
[BlackElo "2368"]
[Annotator ""]
[PlyCount "98"]
[EventDate "2016.??.??"]
[EventType "team-tourn"]
[EventCountry "AZE"]
[SourceTitle "playchess.com"]
[Source "ChessBase"]
[WhiteTeam "Iran"]
[BlackTeam "Netherlands"]
[WhiteTeamCountry "IRI"]
[BlackTeamCountry "NED"]
[TimeControl "40/5400+30:1800+30"]

1. d4 {(00:00)} d5 {(00:00)} 2. c4 {(00:00)} e6 {(
00:00)} 3. Nc3 {(00:00)} c5 {(00:00)} 4. cxd5 {(00:32)}
exd5 {(00:00)} 5. Nf3 {(00:22)} Nc6 {(00:00)} 6. g3 {
(00:21)} Nf6 {(00:11)} 7. Bg2 {(00:19)} Be7 {(00:
10)} 8. O-O {(00:20)} O-O {(00:09)} 9. dxc5 {(00:17)} Bxc5
{(00:29)} 10. a3 {(00:24)} Ne4 {(02:27)} 11. Nxd5 {
(01:02)} Be6 {(00:27)} 12. Nc3 {(00:11)} Nxc3 {(00:
14)} 13. bxc3 {(00:07)} Re8 {(00:31)} 14. Qc2 {(10:34)} h6
{(03:05)} 15. Rb1 {(05:49)} Qe7 {(11:42)} 16. Rd1 {
(10:11)} Rac8 {(06:11)} 17. e3 {(18:05)} Bxa3 {(16:
14)} 18. Bxa3 {(01:14)} Qxa3 {(00:02)} 19. Rxb7 {(06:46)}
Na5 {(02:18)} 20. Rbb1 {(05:36)} Rxc3 {(10:18)} 21. Qd2 {
(02:07)} Nc4 {(11:53)} 22. Qd4 {(01:11)} a5 {(01:
01)} 23. Ra1 {(05:46)} Qb4 {(01:17)} 24. Rdb1 {(00:26)}
Rb3 {(00:32)} 25. Rxb3 {(00:24)} Qxb3 {(00:02)} 26. Nd2 {
(02:47)} Nxd2 {(00:42)} 27. Qxd2 {(00:08)} Qb4 {(
01:33)} 28. Qd4 {(00:08)} Rb8 {(08:24)} 29. Qa7 {(01:53)}
g6 {(03:14)} 30. h4 {(03:20)} Rb5 {(00:40)} 31. Bf3 {
(04:01)} Qc5 {(04:03)} 32. Qa8+ {(02:52)} Kg7 {(00:
37)} 33. Qd8 {(04:04)} Qe5 {(01:39)} 34. Qd4 {(00:48)} Bb3
{(04:34)} 35. Bc6 {(03:21)} Rc5 {(01:00)} 36. Ba4 {
(01:39)} Bxa4 {(03:41)} 37. Rxa4 {(00:07)} Rd5 {(
01:53)} 38. Qxe5+ {(01:58)} Rxe5 {(00:01)} 39. Kf1 {(01:
31)} Kf6 {(00:53)} 40. Ke2 {(00:00)} Ke6 {(00:00)} 41. Kd3
{(02:18)} Kd6 {(02:06)} 42. Ra2 {(05:19)} Rc5 {(08:
16)} 43. Kd4 {(00:28)} Kc6 {(02:43)} 44. e4 {(00:51)} h5 {
(04:07)} 45. Ra3 {(01:11)} f5 {(03:59)} 46. f3 {(
01:23)} Rb5 {(02:22)} 47. Rc3+ {(00:52)} Kd6 {(00:43)} 48.
Rc8 {(07:40)} fxe4 {(01:56)} 49. fxe4 {(06:39)} Rb3 {
(06:55)} 1/2-1/2

[Event "42nd Olympiad Baku 2016 Women"]
[Site "Baku"]
[Date "2016.09.06"]
[Round "5.22"]
[White "Khalafova, Narmin"]
[Black "Matnadze, Ana"]
[Result "1/2-1/2"]
[ECO "B52"]
[WhiteElo "2219"]
[BlackElo "2383"]
[Annotator ""]
[PlyCount "106"]
[EventDate "2016.??.??"]
[EventType "team-tourn"]
[EventCountry "AZE"]
[SourceTitle "playchess.com"]
[Source "ChessBase"]
[WhiteTeam "Azerbaijan"]
[BlackTeam "Spain"]
[WhiteTeamCountry "AZE"]
[BlackTeamCountry "ESP"]
[TimeControl "40/5400+30:1800+30"]

1. e4 {(00:00)} c5 {(00:00)} 2. Nf3 {(00:02)} d6 {(
00:00)} 3. Bb5+ {(00:19)} Bd7 {(00:00)} 4. c4 {(00:28)}
Nf6 {(00:29)} 5. Nc3 {(00:37)} g6 {(01:31)} 6. d4 {
(01:53)} cxd4 {(00:10)} 7. Nxd4 {(00:06)} Bg7 {(00:
33)} 8. O-O {(03:13)} Nc6 {(00:42)} 9. Bxc6 {(06:48)} bxc6
{(00:33)} 10. c5 {(01:23)} dxc5 {(02:23)} 11. Nb3 {
(00:26)} c4 {(02:23)} 12. Nc5 {(01:11)} Qc7 {(07:
37)} 13. Qe2 {(15:08)} Ng4 {(04:16)} 14. g3 {(01:23)} Bd4
{(10:19)} 15. Nxd7 {(14:55)} Qxd7 {(00:53)} 16. Rd1 {
(15:49)} c5 {(22:21)} 17. Be3 {(04:04)} h5 {(13:00]
} 18. Nd5 {(06:46)} Kf8 {(08:40)} 19. Bxd4 {(21:31)} cxd4
{(00:10)} 20. Qxc4 {(01:20)} Ne5 {(08:30)} 21. Qe2 {
(00:08)} Qg4 {(03:10)} 22. Qxg4 {(01:38)} hxg4 {(
00:02)} 23. Nb4 {(01:24)} Nf3+ {(02:34)} 24. Kf1 {(00:10)}
Rxh2 {(00:55)} 25. Ke2 {(00:42)} Kg7 {(04:17)} 26. Rac1 {
(00:26)} Rb8 {(00:42)} 27. Rc4 {(00:22)} Rb6 {(02:
30)} 28. Nd3 {(01:10)} Re6 {(00:13)} 29. Nc5 {(00:05)} Rf6
{(00:41)} 30. Rf1 {(00:34)} e5 {(01:02)} 31. Ra4 {(
00:25)} Rg2 {(01:58)} 32. Ra6 {(00:52)} Nh2 {(01:05)} 33.
Rxf6 {(00:15)} Kxf6 {(00:20)} 34. Rc1 {(00:27)} Nf3 {
(00:12)} 35. Nd3 {(00:14)} Ng5 {(01:05)} 36. Rc6+ {
(00:28)} Kg7 {(00:22)} 37. Nxe5 {(00:47)} Nxe4 {(
01:28)} 38. Nxg4 {(00:11)} Rg1 {(00:54)} 39. Ne5 {(00:32)}
Ra1 {(00:39)} 40. a3 {(00:00)} Rb1 {(00:00)} 41. Nd3 {
(02:48)} Rh1 {(01:10)} 42. Rc7 {(13:13)} a5 {(03:
30)} 43. Re7 {(02:51)} Nd6 {(06:25)} 44. Rd7 {(02:51)} Nf5
{(00:52)} 45. Ra7 {(01:37)} Rh2 {(01:00)} 46. Kf3 {
(06:25)} Rh5 {(00:13)} 47. Nf4 {(00:46)} Rh8 {(00:
58)} 48. Rxa5 {(00:30)} Rc8 {(00:34)} 49. Nd3 {(00:55)}
Rc2 {(00:52)} 50. Ra6 {(00:40)} Rd2 {(01:04)} 51. Ke4 {
(00:22)} Re2+ {(00:55)} 52. Kf3 {(02:01)} Rd2 {(00:
07)} 53. Ke4 {(00:10)} Re2+ {(00:05)} 1/2-1/2

[Event "42nd Olympiad Baku 2016 Women"]
[Site "Baku"]
[Date "2016.09.06"]
[Round "5.14"]
[White "Khamboo, Monalisa"]
[Black "O`Gorman, Alice"]
[Result "1/2-1/2"]
[ECO "D30"]
[WhiteElo "1740"]
[BlackElo "1781"]
[Annotator ""]
[PlyCount "60"]
[EventDate "2016.??.??"]
[EventType "team-tourn"]
[EventCountry "AZE"]
[SourceTitle "playchess.com"]
[Source "ChessBase"]
[WhiteTeam "Nepal"]
[BlackTeam "Ireland"]
[WhiteTeamCountry "NEP"]
[BlackTeamCountry "IRL"]
[TimeControl "40/5400+30:1800+30"]

1. d4 {(00:00)} d5 {(00:00)} 2. c4 {(00:00)} e6 {(
00:00)} 3. e3 {(00:16)} Nf6 {(00:29)} 4. Nf3 {(00:08)}
Bb4+ {(01:26)} 5. Nc3 {(02:43)} Nbd7 {(02:33)} 6. Bd2 {
(01:51)} b6 {(01:05)} 7. cxd5 {(02:01)} Nxd5 {(03:
45)} 8. Nxd5 {(00:38)} Bxd2+ {(00:09)} 9. Qxd2 {(00:20)}
exd5 {(00:12)} 10. b4 {(02:44)} Nf6 {(06:48)} 11. Bb5+ {
(11:22)} Bd7 {(02:07)} 12. Bxd7+ {(01:34)} Qxd7 {(
00:52)} 13. Qd3 {(00:45)} a6 {(05:10)} 14. O-O {(02:01)}
O-O {(01:27)} 15. Rfc1 {(05:50)} Qd6 {(02:33)} 16. a3 {
(01:35)} Rfc8 {(01:53)} 17. Rc2 {(07:06)} c5 {(07:
52)} 18. dxc5 {(01:22)} bxc5 {(00:36)} 19. bxc5 {(00:59)}
Rxc5 {(00:42)} 20. Rxc5 {(08:51)} Qxc5 {(00:07)} 21. Nd4 {
(02:53)} h6 {(05:13)} 22. h3 {(02:05)} a5 {(07:51)}
23. a4 {(06:41)} Rb8 {(06:10)} 24. Rb1 {(07:01)} Rxb1+ {
(04:03)} 25. Qxb1 {(00:02)} Ne4 {(08:01)} 26. Qb8+ {
(08:27)} Kh7 {(01:35)} 27. Qb1 {(01:04)} Kg8 {(00:
48)} 28. Qb8+ {(02:26)} Kh7 {(00:20)} 29. Qb1 {(00:07)}
Kg8 {(00:11)} 30. Qb8+ {(00:13)} Kh7 1/2-1/2

[Event "42nd Olympiad Baku 2016 Women"]
[Site "Baku"]
[Date "2016.09.06"]
[Round "5.11"]
[White "Khan, Nazrana"]
[Black "Partac, Elena"]
[Result "1/2-1/2"]
[ECO "E16"]
[WhiteElo "1965"]
[BlackElo "2086"]
[Annotator ""]
[PlyCount "61"]
[EventDate "2016.??.??"]
[EventType "team-tourn"]
[EventCountry "AZE"]
[SourceTitle "playchess.com"]
[Source "ChessBase"]
[WhiteTeam "Bangladesh"]
[BlackTeam "Moldova"]
[WhiteTeamCountry "BAN"]
[BlackTeamCountry "MDA"]
[TimeControl "40/5400+30:1800+30"]

1. d4 {(00:00)} Nf6 {(00:00)} 2. c4 {(00:00)} e6 {(
00:00)} 3. Nf3 {(00:00)} Bb4+ {(00:00)} 4. Bd2 {(00:02)}
Qe7 {(00:00)} 5. g3 {(00:14)} Nc6 {(00:33)} 6. Bg2 {
(01:03)} Bxd2+ {(00:46)} 7. Nbxd2 {(01:03)} d6 {(
00:04)} 8. O-O {(00:48)} O-O {(00:39)} 9. e4 {(04:17)} e5
{(01:35)} 10. d5 {(00:44)} Nb8 {(00:18)} 11. b4 {(
01:44)} a5 {(05:44)} 12. a3 {(02:04)} Na6 {(02:31)} 13.
Qb3 {(05:24)} Bd7 {(02:40)} 14. Rfc1 {(12:21)} Rfc8 {
(13:32)} 15. Ne1 {(03:42)} c6 {(11:56)} 16. Nd3 {(
03:48)} axb4 {(04:34)} 17. axb4 {(01:09)} cxd5 {(05:24)}
18. cxd5 {(05:20)} Bb5 {(01:02)} 19. Nb2 {(07:55)} Rc7 {
(11:58)} 20. Bh3 {(03:05)} Qd8 {(06:19)} 21. Nbc4 {
(07:49)} g6 {(03:32)} 22. Rc3 {(06:47)} Kg7 {(06:
23)} 23. Rac1 {(01:00)} h5 {(02:34)} 24. f3 {(06:38)} h4 {
(08:03)} 25. Kg2 {(03:31)} Nh5 {(05:15)} 26. Bg4 {(
04:45)} Nf6 {(02:06)} 27. Bh3 {(01:30)} Nh5 {(00:38)} 28.
Bg4 {(00:52)} Nf6 {(00:41)} 29. Bh3 {(00:35)} Nh5 {
(00:32)} 30. Bg4 {(02:15)} Nf6 {(00:07)} 31. Bh3 {(
00:35)} 1/2-1/2